 Dungeon Crawl Stone Soup version 0.30-a0-718-geaa24f58ff (webtiles) character file.

Game seed: 17341255756601054602

4192 ASSMAN the Basher (level 10, -8/74 (76) HPs)
             Began as a Demonspawn Wanderer on Jan 25, 2023.
             Mangled by an orc warrior
             ... wielding a +3 halberd of electrocution
              (9 damage)
             ... in a bailey.
             The game lasted 00:15:27 (7882 turns).

ASSMAN the Basher (Demonspawn Wanderer)             Turns: 7882, Time: 00:15:28

HP:   -8/74 (76)    AC: 10    Str: 12    XL:     10   Next: 8%
MP:   20/20         EV: 12    Int: 20    God:
Gold: 365           SH: 12    Dex: 11    Spells: 10/11 levels left

rFire   . . .      SeeInvis .    n - +3 whip (pain)
rCold   . . .      Faith    .    e - +2 buckler {AC+3}
rNeg    + + .      Spirit   .    p - +2 robe {rN+}
rPois   .          Reflect  +    d - +0 hat of Winter {rN+ MP+9}
rElec   .          Harm     .    h - +0 cloak
rCorr   .          Rampage  .    (no gloves)
Will    +....                    (no boots)
Stlth   +                        B - amulet of reflection
HPRegen 0.32/turn                y - ring of willpower
MPRegen 0.17/turn                (no ring)

@: lightly drained, invisible (expiring)
A: antennae 1, molten scales 1, spiny 1
a: no special abilities


You were in a bailey.
You visited 2 branches of the dungeon, and saw 9 of its levels.
You also visited: Ossuary and Bailey.

You collected 365 gold pieces.

Inventory:

Hand Weapons
 b - the +5 flail of the Ageless Artisans {freeze, Drain rElec Dex+6}
   (You found it on level 4 of the Dungeon)

   Dex:       It affects your dexterity (+6).
   rElec:     It insulates you from electricity.
   Drain:     It drains your maximum health when unequipped.
 l - a +0 mace
 n - a +3 whip of pain (weapon)
 G - a +2 vampiric whip
Missiles
 j - 5 curare-tipped darts
Armour
 d - the +0 hat of Winter (worn) {rN+ MP+9}
   (You acquired it on level 5 of the Dungeon)

   rN:        It protects you from negative energy.
   MP:        It affects your magic capacity (+9).
 e - a +2 buckler of protection (worn)
 h - a +0 cloak (worn)
 p - a +2 robe of positive energy (worn)
Jewellery
 c - an amulet of faith
 s - a ring of fire
 u - a +6 ring of intelligence
 y - a ring of willpower (left hand)
 A - an amulet of the acrobat
 B - an amulet of reflection (around neck)
Wands
 a - a wand of quicksilver (11) (quivered)
 m - a wand of charming (5)
 o - a wand of mindburst (14)
 v - a wand of flame (30)
Scrolls
 x - 3 scrolls of blinking
 C - 6 scrolls of teleportation
 D - 2 scrolls of fog
 E - a scroll of fear
 H - 3 scrolls of identify
 J - a scroll of immolation {unknown}
Potions
 f - 4 potions of curing
 g - a potion of flight {unknown}
 i - a potion of invisibility
 k - a potion of magic {unknown}
 q - 2 potions of might
 r - 3 potions of heal wounds
 t - 2 potions of haste
 w - a potion of resistance {unknown}
 z - 2 potions of cancellation
 F - a potion of brilliance
 I - a potion of mutation {unknown}


   Skills:
 - Level 6.1 Fighting
 + Level 10.0 Maces & Flails
 - Level 2.6 Dodging
 - Level 4.5 Shields
 - Level 1.0 Spellcasting
 - Level 8.0 Necromancy
 - Level 1.0 Translocations


You had 10 spell levels left.
You knew the following spells:

 Your Spells              Type           Power      Damage    Failure   Level
a - Apportation           Tloc           10%        N/A       14%         1

Your spell library contained the following spells:

 Spells                   Type           Power      Damage    Failure   Level
 Freeze                   Ice            4%         1d3       22%         1
 Summon Small Mammal      Summ           4%         N/A       22%         1
 Lesser Beckoning         Tloc           10%        N/A       22%         2
 Gell's Gravitas          Tloc           5%         N/A       41%         3
 Teleport Other           Tloc           5%         N/A       41%         3
 Portal Projectile        Hex/Tloc       6%         N/A       47%         3
 Call Canine Familiar     Summ           1%         N/A       54%         3
 Frozen Ramparts          Ice            2%         1d1       54%         3
 Hailstorm                Conj/Ice       1%         3d3       54%         3
 Inner Flame              Hex/Fire       1%         N/A       54%         3
 Summon Guardian Golem    Hex/Summ       1%         N/A       54%         3
 Cause Fear               Hex            0%         N/A       91%         4
 Leda's Liquefaction      Hex/Erth       0%         N/A       91%         4
 Discord                  Hex            0%         N/A       100%        8


Dungeon Overview and Level Annotations

Branches:
Dungeon (8/15)             Temple (1/1) D:6         Ossuary (visited)
 Bailey (1/1)
   Lair: D:8-11

Altars:
Ashenzari
Cheibriados
Fedhas
Gozag
Hepliaklqana
Makhleb
Nemelex Xobeh
Okawaru
Trog
Uskayaw
Wu Jian
Xom
Yredelemnul

Shops:
D:7 ?


Innate Abilities, Weirdness & Mutations

You have a pair of small antennae on your head.
You are partially covered in molten scales. (AC +2)
You are partially covered in sharp spines.


Message History

You hit the gnoll.
The gnoll writhes in agony.
The gnoll is severely wounded.
You block the gnoll's attack. The orc hits you but does no damage.
Something hits you but does no damage.
You are electrocuted!
You closely miss the gnoll.
The gnoll is severely wounded.
You closely miss the gnoll.
The gnoll is severely wounded.
The gnoll is struck by your spines.
The gnoll hits you with a +2 halberd of draining.
You partially resist. You block the orc's attack.
Something hits you but does no damage. Something hits you.
You hit the gnoll.
You kill the gnoll!
You hit the orc but do no damage.
The orc writhes in agony!
You kill the orc!
Something hits you but does no damage. You block something's attack.
You hit the orc but do no damage.
The orc writhes in agony.
The orc is heavily wounded.
You flicker for a moment.
Something hits you!
* * * LOW HITPOINT WARNING * * *
You are electrocuted!
* * * LOW HITPOINT WARNING * * *
You feel much better. The orc misses you.
Something hits you but does no damage. Something hits you.
You hit the orc.
The orc writhes in agony!
You kill the orc!
You hit something.
Reactivating autopickup.
You feel a bit more experienced. You block something's attack.
Deactivating autopickup; reactivate with Ctrl-A.
You miss something. Something hits you!
* * * LOW HITPOINT WARNING * * *
You hit something but do no damage. You miss something.
You hit something but do no damage. Something hits you!
* * * LOW HITPOINT WARNING * * *
You are electrocuted!
You die...

##.....## ##.....##
##'##'##'###'##+##'##
#.###.###)#)## ##)#
### ### ##### ### #)#
#.# #. #g#.# #.###.#
#'##'##'# #'##'##)##
#.....# #....)##
###.!.).#####.....###
#.'..⌠{@'.#.'..⌠..'.#
###.!.).#####.....###
#!...)## ##.....##
#'##'##'###'##'##'##
#∩ #. ##.'.###)###.#
# ## ##### ### ###


There were no monsters in sight!

Vanquished Creatures
  Maurice (D:8)
  2 steam dragons (D:8)
  2 water moccasins
  2 orc warriors
  A sky beast (D:6)
  A black bear (D:4)
  An ogre (D:5)
  3 phantoms
  2 centaurs
  A kobold brigand (D:8)
  2 bullfrogs
  5 scorpions
  4 necrophages
  11 wights
  5 killer bees (D:7)
  2 howler monkeys
  A centaur zombie (Ossuary)
  4 hounds
  A human zombie (Ossuary)
  2 jellies
  5 iguanas
  6 orc wizards
  4 mummies (Ossuary)
  14 gnolls
  7 adders
  2 white imps
  2 worms
  2 dart slugs (D:4)
  26 orcs
  3 bats
  5 endoplasms
  2 giant cockroaches (D:3)
  10 goblins
  6 hobgoblins
  16 jackals
  12 kobolds
  3 quokkas
  11 ball pythons
  5 frilled lizards
  A gnoll zombie (Ossuary)
  A goblin zombie (Ossuary)
  A hobgoblin zombie (Ossuary)
  3 orc zombies (Ossuary)
  2 quokka zombies (D:5)
  4 rats
206 creatures vanquished.

Vanquished Creatures (others)
  An orc wizard (D:6)
  2 goblins (D:8)
3 creatures vanquished.

Grand Total: 209 creatures vanquished

Notes
Turn   | Place    | Note
-------+----------+-------------------------------------------
     0 | D:1      | ASSMAN the Demonspawn Wanderer began the quest for the Orb.
     0 | D:1      | ASSMAN set off with the following items: a +0 club, a +0
                  | helmet, a potion of lignification, a +0 robe, a +0 buckler
                  | of protection; and the following spell memorised:
                  | Apportation; and the following spells available to
                  | memorise: Gell's Gravitas.
     0 | D:1      | Reached XP level 1. HP: 13/13 MP: 2/2
   382 | D:1      | Reached skill level 1 in Fighting
   539 | D:1      | Gained mutation: You are partially covered in molten
                  | scales. (AC +2) [demonic ancestry]
   539 | D:1      | Reached XP level 2. HP: 22/22 MP: 3/3
  1279 | D:2      | Gained mutation: You are partially covered in sharp spines.
                  | [demonic ancestry]
  1279 | D:2      | Reached XP level 3. HP: 28/28 MP: 4/4
  1552 | D:3      | Found a hide-covered altar of Uskayaw.
  2262 | D:4      | Noticed a phantom
  2276 | D:4      | Killed a phantom
  2277 | D:4      | Reached XP level 4. HP: 36/38 MP: 5/5
  2277 | D:4      | Reached XP level 5. HP: 41/43 MP: 6/6
  2337 | D:4      | Noticed a black bear
  2346 | D:4      | Killed a black bear
  2347 | D:4      | Reached skill level 5 in Fighting
  2418 | D:4      | Gained mutation: You have a pair of small antennae on your
                  | head. [demonic ancestry]
  2418 | D:4      | Reached XP level 6. HP: 48/50 MP: 7/7
  2654 | D:4      | Identified the +5 flail of the Ageless Artisans {freeze,
                  | Drain rElec Dex+6}
  2664 | D:4      | Reached skill level 1 in Maces & Flails
  2664 | D:4      | Reached skill level 1 in Necromancy
  3049 | D:4      | Reached skill level 2 in Maces & Flails
  3049 | D:4      | Reached XP level 7. HP: 50/58 MP: 8/8
  3361 | D:5      | Entered Level 5 of the Dungeon
  3368 | D:5      | Identified a scroll of acquirement
  3368 | D:5      | Acquired the +0 hat of Winter {rN+ MP+9}
  3531 | D:5      | Found a sand-covered staircase.
  3539 | Ossuary  | Entered an ossuary
  3781 | Ossuary  | Reached skill level 3 in Maces & Flails
  4221 | D:5      | Found a hazy altar of Hepliaklqana.
  4316 | D:5      | Reached skill level 4 in Maces & Flails
  4410 | D:5      | Reached skill level 5 in Necromancy
  4410 | D:5      | Reached XP level 8. HP: 64/64 MP: 9/9
  4748 | D:6      | Found a staircase to the Ecumenical Temple.
  4768 | Temple   | Entered the Ecumenical Temple
  4867 | D:6      | Reached skill level 5 in Maces & Flails
  5276 | D:6      | Reached skill level 6 in Maces & Flails
  5724 | D:6      | Reached XP level 9. HP: 51/69 MP: 10/10
  6104 | D:7      | Found Vore's Magic Scroll Boutique.
  6121 | D:7      | Reached skill level 7 in Maces & Flails
  6841 | D:8      | Reached skill level 8 in Maces & Flails
  7173 | D:8      | Reached skill level 9 in Maces & Flails
  7179 | D:8      | Noticed Maurice
  7187 | D:8      | Killed Maurice
  7188 | D:8      | Found a broken altar of Ashenzari.
  7509 | D:8      | Found a flagged portal.
  7518 | D:8      | Reached XP level 10. HP: 53/76 MP: 11/11
  7536 | Bailey   | Entered a bailey
  7676 | Bailey   | Reached skill level 10 in Maces & Flails
  7882 | Bailey   | HP: 1/74 [something (12)]
  7882 | Bailey   | Mangled by an orc warrior

Illustrated notes

Levels and vault maps discovered:
D:1:      heliophobic_arrival_ceremonial_halls, layout_loops_corners,
          minmay_stone_trees_medium
D:2:      layout_rooms
D:3:      layout_basic, nicolae_uskayaw_murder_on_the_dancefloor
D:4:      minmay_chambers_of_threes, layout_basic
D:5:      layout_loops_ring, nicolae_hepliaklqana_hazy_memory, enter_ossuary_4,
          minmay_increasing_density
D:6:      layout_cave_pods, minmay_temple_entry_sparse_star
D:7:      layout_cave_pools, serial_shops, nicolae_stop_n_shop_1
D:8:      layout_gridville, old_standard_altar, enter_bailey_5, uniq_maurice
Temple:   nicolae_temple_ecumenical_triangle
Bailey:   bailey_polearm_nasty_gnolls, bailey

Skill      XL: |  1  2  3  4  5  6  7  8  9 10 |
---------------+-------------------------------+-----
Fighting       | 1 2 4 5 6 |  6.1
Maces & Flails | 2 4 6 9 10 | 10.0
Necromancy     | 2 5 7 8 |  8.0
Dodging        | |  2.6
Shields        | |  4.5
Spellcasting   | |  1.0
Translocations | |  1.0

Action                     |  1- 3 |  4- 6 |  7- 9 | 10-12 || total
---------------------------+-------+-------+-------+-------++-------
  Melee: Club              |    60 |       |       |       ||    60
         Whip              |   127 |    94 |   513 |    67 ||   801
         Mace              |    25 |       |       |       ||    25
  Evoke: Wand              |       |       |     6 |       ||     6
    Use: Scroll            |       |       |    18 |       ||    18
         Potion            |       |       |     3 |     3 ||     6
   Stab: Invisible         |       |       |     1 |     2 ||     3
         Sleeping          |       |       |       |     2 ||     2
 Armour: Robe              |    26 |       |    31 |    19 ||    76
         Leather armour    |    70 |    37 |    77 |       ||   184
  Dodge: Dodged            |   122 |    45 |   153 |    22 ||   342
  Block: Buckler           |    46 |    45 |   252 |    44 ||   387
         Reflection        |       |       |     9 |       ||     9

Table legend: (Time is in decaauts)
 A = Elapsed time spent in this place.
 B = Non-inter-level travel time spent in this place.
 C = Inter-level travel time spent in this place.
 D = Time resting spent in this place.
 E = Time spent auto-exploring this place.
 F = Levels seen in this place.
 G = Mean time per level.
                   A        B        C        D        E       F      G
               +--------+--------+--------+--------+--------+-----+--------+
         Total |   7845 |   7623 |    222 |    786 |   5099 |  11 |  713.2 |
       Dungeon |   7131 |   6919 |    212 |    691 |   4813 |   8 |  891.4 |
        Temple |     47 |     37 |     10 |      0 |     31 |   1 |   47.0 |
       Ossuary |    340 |    340 |      0 |      0 |    186 |   1 |  340.0 |
        Bailey |    325 |    325 |      0 |     95 |     69 |   1 |  325.0 |
               +--------+--------+--------+--------+--------+-----+--------+

Top non-repeatable levels by time:
     D:6: 1334 daAuts
     D:4: 1230 daAuts
     D:1: 1072 daAuts
     D:7: 809 daAuts
     D:5: 750 daAuts
     D:3: 729 daAuts
     D:8: 699 daAuts
     D:2: 505 daAuts
 Ossuary: 340 daAuts
  Bailey: 325 daAuts
  Temple: 47 daAuts
